 Dungeon Crawl Stone Soup version 0.28-a0-1227-ga9037bb4c8 (webtiles) character file.

Game seed: 2604386974678832090

4434 ChaosChampion the Thaumaturge (level 10, -13/52 HPs)
             Began as a Deep Elf Conjurer on Dec 22, 2021.
             Mangled by a boulder beetle (57 damage)
             ... on level 7 of the Dungeon.
             The game lasted 00:18:24 (10942 turns).

ChaosChampion the Thaumaturge (Deep Elf Conjurer)  Turns: 10942, Time: 00:18:24

Health: -13/52     AC:  3    Str:  4    XL:     10   Next: 14%
Magic:  2/36       EV: 12    Int: 28    God:
Gold:   276        SH:  5    Dex: 13    Spells: 15/32 levels left

rFire   + . .      SeeInvis .   d - staff of death
rCold   x . .      Faith    .   (no shield)
rNeg    + . .      Spirit   .   a - +0 robe
rPois   .          Reflect  +   (no helmet)
rElec   .          Harm     .   (no cloak)
rCorr   .          Rampage  .   s - +0 pair of gloves
Will    +....                   (no boots)
Stlth   ++........              t - amulet of reflection
HPRegen 0.17/turn               E - ring of fire
MPRegen 0.25/turn               H - ring of magical power

@: no status effects
A: no striking features
a: no special abilities


You were on level 7 of the Dungeon.
You visited 2 branches of the dungeon, and saw 8 of its levels.

You collected 476 gold pieces.
You spent 200 gold pieces at shops.

Inventory:

Hand Weapons
 F - the +1 quarterstaff "Wipydui" {vorpal, Dex+2}
   (You found it on level 6 of the Dungeon)

   It inflicts extra damage upon your enemies.
   Dex:       It affects your dexterity (+2).
Missiles
 G - a throwing net
Armour
 a - a +0 robe (worn)
 s - a +0 pair of gloves (worn)
Magical Staves
 d - a staff of death (weapon)
Jewellery
 c - the ring "Zoruot" {rPois Int+3}
   (You took it off a gnoll on level 7 of the Dungeon)

   [ring of poison resistance]

   Int:       It affects your intelligence (+3).
   rPois:     It protects you from poison.
 p - a ring of protection from cold
 t - an amulet of reflection (around neck)
 u - a +4 ring of protection
 C - an amulet of faith
 D - an amulet of regeneration
 E - a ring of fire (left hand)
 H - a ring of magical power (right hand)
 I - a ring of ice
Wands
 l - a wand of flame (2)
 v - a wand of paralysis (12)
 w - a wand of iceblast (9)
Scrolls
 f - 3 scrolls of teleportation
 h - a scroll of noise
 i - 2 scrolls of enchant weapon
 k - 2 scrolls of magic mapping
 A - 2 scrolls of immolation
Potions
 b - a potion of resistance
 e - 3 potions of curing
 g - 3 potions of flight
 j - 2 potions of berserk rage
 m - 2 potions of heal wounds
 o - a potion of lignification
 q - a potion of mutation
 z - a potion of magic {unknown}
 B - a potion of brilliance {unknown}
Miscellaneous
 n - a phantom mirror


   Skills:
 + Level 1.0 Fighting
 + Level 3.0 Dodging
 - Level 2.4 Stealth
 + Level 11.6 Spellcasting
 + Level 8.9 Conjurations
 + Level 6.7 Hexes
 - Level 3.0 Translocations
 + Level 5.5 Fire Magic
 + Level 5.5 Earth Magic


You had 15 spell levels left.
You knew the following spells:

 Your Spells              Type           Power      Damage    Failure   Level
a - Magic Dart            Conj           100%       1d8       1%          1
b - Stone Arrow           Conj/Erth      100%       3d13      1%          3
c - Fulminant Prism       Conj/Hex       28%        3d14      1%          4
d - Iskenderun's Mystic   Conj/Tloc      49%        2d11      3%          4
e - Fireball              Conj/Fire      35%        3d15      4%          5

Your spell library contained the following spells:

 Spells                   Type           Power      Damage    Failure   Level
 Sandblast                Erth           94%        2d19      1%          1
 Shock                    Conj/Air       100%       1d9       1%          1
 Ensorcelled Hibernation  Hex/Ice        70%        N/A       1%          2
 Passwall                 Tmut/Erth      25%        N/A       1%          2
 Searing Ray              Conj           100%       2d8       1%          2
 Dazzling Flash           Conj/Hex       100%       N/A       1%          3
 Inner Flame              Hex/Fire       66%        N/A       1%          3
 Freeze                   Ice            64%        1d8       3%          1
 Hailstorm                Conj/Ice       41%        3d10      5%          4
 Frozen Ramparts          Ice            32%        1d5       11%         3
 Spider Form              Tmut/Pois      16%        N/A       11%         3


Dungeon Overview and Level Annotations

Branches:
Dungeon (7/15)             Temple (1/1) D:6

Altars:
Ashenzari
Cheibriados
Dithmenos
Elyvilon
Fedhas
Gozag
Hepliaklqana
Kikubaaqudgha
Makhleb
Qazlal
Ru
Sif Muna
Trog
Uskayaw
Wu Jian
Xom
Yredelemnul
Zin

Shops:
D:4 =*   D:7 =

Annotations:
D:3 3 runed translucent doors, exclusion: 3 doors, ChaosChampion's ghost, amateur DrTm; feta's ghost, novice FoNe; niknal's ghost, amateur OpTm


Message History

The boulder beetle stops rolling and uncurls.
Casting: Fulminant Prism (dangerous; 1% risk of failure)
Confirm with . or Enter, or press ? or * to list all spells.
Aiming: Fulminant Prism (dangerous; 1% risk of failure)
Press: ? - help, Dir - move target You conjure a prism of explosive energy!
A fulminant prism comes into view.
You hear a loud crackle.
Casting: Fulminant Prism (dangerous; 1% risk of failure)
Confirm with . or Enter, or press ? or * to list all spells.
You erupt in a blast of force!
The mystic blast hits the boulder beetle but does no damage.
The boulder beetle is severely wounded.
You hear a shout!
A centaur comes into view.
The boulder beetle bites you!
You hear an explosion!
The blast of energy engulfs the boulder beetle!
The boulder beetle is severely wounded.
The blast of energy engulfs the centaur!!
You kill the centaur!
Your Dodging skill increases to level 3!
The boulder beetle curls into a ball and begins rolling!
Casting: Iskenderun's Mystic Blast (dangerous; 3% risk of failure)
Confirm with . or Enter, or press ? or * to list all spells.
You erupt in a blast of force!
The mystic blast hits the boulder beetle!
The boulder beetle is almost dead.
The boulder beetle is knocked back by the mystic blast.
Casting: Iskenderun's Mystic Blast (dangerous; 3% risk of failure)
Confirm with . or Enter, or press ? or * to list all spells.
You erupt in a blast of force!
The mystic blast hits the boulder beetle.
The boulder beetle is almost dead.
The boulder beetle barely misses you.
The boulder beetle stops rolling and uncurls.
The boulder beetle curls into a ball and begins rolling!
The boulder beetle hits you!!!
Ouch! That really hurt!
You die...

### #.# ..# #.#
#.################
#................#
...........#####.###************
###..♣♣♣♣........B.#*,.....,,,,*
............####@#○#*,.....,,,,*
##.......##.# #.#°#*......,,,,*
#.......##.# #.#°#*......,,,,*
#.......##'####.#.##......,,,,*
#..........)..#.#.#.....(.,,,,*
#.............#.#.#*......,,,,*
###.........<.#.#.')......,,,,*
####.........#.#.###...#'#.,****
.......####....#,,,,.....#,,*


You could see a boulder beetle (rolling).

Vanquished Creatures
  The ghost of AnimeWaifu the Cleaver, a novice NaBe of Trog (D:6)
  Maggie (D:6)
  A hornet (D:7)
  A troll (D:7)
  Prince Ribbit (D:6)
  Sigmund (D:3)
  Menkaure (D:6)
  4 water moccasins
  A sky beast (D:3)
  An ice beast (D:5)
  2 necrophages
  2 ogres
  2 centaurs
  2 phantoms
  A kobold brigand (D:7)
  6 bullfrogs
  A scorpion (D:6)
  2 water moccasin zombies (D:7)
  A water moccasin skeleton (D:6)
  A killer bee (D:7)
  A wight (D:7)
  2 centaur zombies (D:7)
  3 jellies
  A hound (shapeshifter) (D:7)
  A hound (D:4)
  2 orc priests
  3 iron imps (D:3)
  2 gnoll shamans (D:7)
  2 iguanas (D:7)
  Terence (D:2)
  2 orc wizards (D:7)
  2 killer bee zombies
  A hound zombie (D:5)
  A hound skeleton (D:4)
  A howler monkey zombie (D:5)
  9 gnolls
  8 adders
  An ufetubus (D:6)
  3 worms
  2 dart slugs (D:3)
  16 orcs
  7 ball pythons
  5 bats (D:1)
  6 endoplasms
  5 giant cockroaches
  8 goblins
  6 hobgoblins
  4 jackals (D:1)
  4 quokkas
  2 frilled lizards
  7 kobolds
  3 rats (D:1)
  A fulminant prism (D:7)
155 creatures vanquished.

Vanquished Creatures (others)
  29 fulminant prisms
  A plant (D:2)
  3 withered plants (D:3)
33 creatures vanquished.

Grand Total: 188 creatures vanquished

Notes
Turn   | Place    | Note
-------+----------+-------------------------------------------
     0 | D:1      | ChaosChampion the Deep Elf Conjurer began the quest for the
                  | Orb.
     0 | D:1      | Reached XP level 1. HP: 10/10 MP: 6/6
   262 | D:1      | Reached XP level 2. HP: 15/15 MP: 6/8
   344 | D:1      | Reached skill level 4 in Spellcasting
   823 | D:1      | Reached XP level 3. HP: 19/19 MP: 3/10
   826 | D:1      | Learned a level 2 spell: Searing Ray
   947 | D:1      | Found a faded altar of an unknown god.
   956 | D:1      | Got Plato's Almanac of Flight
  1818 | D:2      | Reached skill level 5 in Spellcasting
  2275 | D:2      | Reached skill level 5 in Conjurations
  2590 | D:3      | Noticed Sigmund
  2591 | D:3      | Noticed Terence
  2617 | D:2      | Killed Terence
  2618 | D:2      | Reached XP level 4. HP: 7/24 MP: 2/13
  2929 | D:2      | Learned a level 4 spell: Fulminant Prism
  2934 | D:2      | Learned a level 4 spell: Iskenderun's Mystic Blast
  3268 | D:3      | Noticed a sky beast
  3682 | D:3      | Found a burning altar of Makhleb.
  3715 | D:3      | Found an ancient bone altar of Kikubaaqudgha.
  4151 | D:3      | Reached skill level 6 in Spellcasting
  4151 | D:3      | Reached XP level 5. HP: 28/28 MP: 5/15
  4383 | D:3      | Killed a sky beast
  4384 | D:3      | Reached skill level 7 in Spellcasting
  4384 | D:3      | Reached XP level 6. HP: 32/32 MP: 13/18
  4437 | D:3      | Killed Sigmund
  4438 | D:3      | Reached skill level 8 in Spellcasting
  4733 | D:3      | Found a runed translucent gate.
  4733 | D:3      | Found a runed translucent gate.
  4734 | D:3      | Found a runed translucent gate.
  4736 | D:3      | Noticed ChaosChampion's ghost (amateur DrTm)
  4736 | D:3      | Noticed niknal's ghost (amateur OpTm)
  4736 | D:3      | Noticed feta's ghost (novice FoNe)
  5113 | D:4      | Reached XP level 7. HP: 36/36 MP: 15/21
  5243 | D:4      | Learned a level 3 spell: Stone Arrow
  5508 | D:4      | Found Yfonei Moni's Jewellery Shop.
  5637 | D:4      | Reached skill level 9 in Spellcasting
  5809 | D:4      | Found Zeecit's Fire Supplies.
  5820 | D:4      | Bought the Tome of Fire for 200 gold pieces
  5842 | D:4      | Learned a level 5 spell: Fireball
  6291 | D:5      | Entered Level 5 of the Dungeon
  6487 | D:5      | Reached skill level 1 in Hexes
  6643 | D:5      | Reached skill level 1 in Fire Magic
  6676 | D:5      | Reached skill level 1 in Translocations
  6676 | D:5      | Reached skill level 1 in Earth Magic
  7003 | D:6      | Reached XP level 8. HP: 41/41 MP: 18/23
  7390 | D:6      | Found a runed translucent door.
  7398 | D:6      | Noticed AnimeWaifu's ghost (novice NaBe)
  7408 | D:6      | Noticed Maggie
  7416 | D:6      | Killed Maggie
  7417 | D:6      | Reached skill level 10 in Spellcasting
  7804 | D:6      | Noticed Menkaure
  7807 | D:6      | Killed Menkaure
  8007 | D:6      | Identified the +1 quarterstaff "Wipydui" {vorpal, Dex+2}
  8022 | D:6      | Found a staircase to the Ecumenical Temple.
  8040 | D:6      | Noticed Prince Ribbit
  8044 | D:6      | Killed Prince Ribbit
  8045 | D:6      | Reached XP level 9. HP: 45/45 MP: 9/25
  8319 | D:6      | Killed AnimeWaifu's ghost
  8320 | D:6      | Reached skill level 5 in Hexes
  8373 | Temple   | Entered the Ecumenical Temple
  8890 | D:7      | Found Ineuggai's One-of-a-Kind Rings.
  8996 | D:7      | Reached skill level 11 in Spellcasting
  9396 | D:7      | Reached skill level 5 in Earth Magic
  9446 | D:7      | Reached skill level 5 in Fire Magic
  9470 | D:7      | Noticed a boulder beetle
  9643 | D:7      | Identified the ring "Zoruot" {rPois Int+3}
  9873 | D:7      | Noticed a troll
  9881 | D:7      | Killed a troll
  9882 | D:7      | Reached XP level 10. HP: 50/50 MP: 12/27
 10410 | D:7      | Reached skill level 1 in Fighting
 10444 | D:7      | Found a stormy altar of Qazlal.
 10727 | D:7      | Found a sacrificial altar of Ru.
 10942 | D:7      | Mangled by a boulder beetle

Illustrated notes

Levels and vault maps discovered:
D:1:      doesnt_arrival_eight_statues, layout_loops_cross,
          shapermc_ecumenical_altar_rom_forum, minmay_misc_feat_roman
D:2:      layout_basic, serial_forest, infiniplex_forest_pool,
          infiniplex_forest_lined_room_3, infiniplex_forest_clump_long,
          infiniplex_forest_diagonal, infiniplex_forest_clump_tiny,
          infiniplex_forest_diagonal, infiniplex_forest_end_3,
          infiniplex_forest_pool, infiniplex_forest_join,
          infiniplex_forest_pool, kennysheep_nub, kennysheep_generic_room_8
D:3:      layout_rooms, lemuel_tele_altar, demons_altar,
          gammafunk_ghost_cemetery, uniq_terence, uniq_sigmund
D:4:      layout_basic, serial_shops, shop, nicolae_shop_fire_sale
          [nicolae_sub_dead_trees], grunt_ministairs_1
D:5:      layout_rooms
D:6:      layout_rooms, minmay_temple_entry_statues_pillars,
          ebering_ghost_sewer_d, minmay_door_square, uniq_menkaure, uniq_maggie,
          uniq_prince_ribbit1
D:7:      minmay_the_grid_plus [minmay_the_grid_spin_star,
          minmay_the_grid_rooms, minmay_the_grid_gridbox,
          minmay_the_grid_all_tris, minmay_the_grid_prize_diamond_cup],
          layout_basic, nicolae_ru_awakened_eye, mainiacjoe_overflow_boulevard,
          nicolae_shop_unique_rings, hangedman_decor_clover_reticule
Temple:   eino_temple_water

Skill      XL: |  1  2  3  4  5  6  7  8  9 10 |
---------------+-------------------------------+-----
Spellcasting   | 4 5 6 7 8 9 10 11 | 11.6
Conjurations   | 5 6 7 8 |  8.9
Hexes          | 1 4 6 |  6.7
Fire Magic     | 1 3 5 |  5.5
Translocations | 1 3 |  3.0
Earth Magic    | 1 3 5 |  5.5
Fighting       | 1 |  1.0
Dodging        | 3 |  3.0
Stealth        | |  2.4

Action                   |  1- 3 |  4- 6 |  7- 9 | 10-12 || total
-------------------------+-------+-------+-------+-------++-------
Melee: Unarmed           |       |     1 |       |       ||     1
 Cast: Magic Dart        |    81 |    63 |    63 |     5 ||   212
       Searing Ray       |     2 |    13 |     8 |       ||    23
       Fulminant Prism   |       |     3 |    18 |     9 ||    30
       Stone Arrow       |       |       |    65 |    12 ||    77
       Iskenderun's Myst |       |       |    16 |     5 ||    21
       Fireball          |       |       |     7 |     1 ||     8
  Use: Scroll            |       |       |     1 |    16 ||    17
Armor: Robe              |       |       |    11 |       ||    11
Dodge: Dodged            |     8 |     3 |    37 |     1 ||    49
Block: Other             |       |       |     9 |       ||     9

Table legend: (Time is in decaauts)
 A = Elapsed time spent in this place.
 B = Non-inter-level travel time spent in this place.
 C = Inter-level travel time spent in this place.
 D = Time resting spent in this place.
 E = Time spent auto-exploring this place.
 F = Levels seen in this place.
 G = Mean time per level.
                   A        B        C        D        E       F      G
               +--------+--------+--------+--------+--------+-----+--------+
         Total |  10953 |  10743 |    210 |   3133 |   6009 |   8 | 1369.1 |
       Dungeon |  10620 |  10410 |    210 |   3133 |   5738 |   7 | 1517.1 |
        Temple |    332 |    332 |      0 |      0 |    271 |   1 |  332.0 |
               +--------+--------+--------+--------+--------+-----+--------+

Top non-repeatable levels by time:
     D:2: 2443 daAuts
     D:6: 1921 daAuts
     D:7: 1823 daAuts
     D:4: 1391 daAuts
     D:1: 1236 daAuts
     D:3: 1227 daAuts
     D:5: 577 daAuts
  Temple: 332 daAuts
